 Dungeon Crawl Stone Soup version 0.19.5 (webtiles) character file.

56 tidbits the Firebug (level 3, -1/24 HPs)
             Began as a High Elf Wanderer on Aug 8, 2017.
             Slain by a gnoll (8 damage)
             ... on level 3 of the Dungeon.
             The game lasted 00:08:40 (778 turns).

tidbits the Firebug (High Elf Wanderer)              Turns: 778, Time: 00:08:42

Health: -1/24      AC:  2    Str: 14    XL:     3   Next: 71%
Magic:  1/7        EV: 12    Int: 15    God:
Gold:   122        SH:  0    Dex: 13    Spells: 2 memorised, 3 levels left

rFire  + + .     SeeInvis .     a - +0 long sword
rCold  x x .     Gourm    .     d - +0 robe
rNeg   . . .     Faith    .     (no shield)
rPois  .         Spirit   .     (no helmet)
rElec  .         Reflect  .     (no cloak)
rCorr  .         Harm     .     (no gloves)
MR     .....                    (no boots)
Stlth  +.........               (no amulet)
                                t - ring of fire
                                g - ring of fire

@: very slightly contaminated
A: no striking features
a: no special abilities


You were on level 3 of the Dungeon.
You were not hungry.

You visited 1 branch of the dungeon, and saw 3 of its levels.

You collected 122 gold pieces.

Inventory:

Hand Weapons
 a - a +0 long sword (weapon)
   (You found it on level 2 of the Dungeon)
 b - a +1 dagger of venom
   (You took it off a kobold on level 1 of the Dungeon)
 e - a +0 club
 i - a +0 dagger
   (You found it on level 1 of the Dungeon)
 o - a +0 spear
   (You found it on level 2 of the Dungeon)
Missiles
 j - 57 arrows
 q - 33 stones (quivered)
 r - 34 bolts
Armour
 d - a +0 robe (worn)
 u - a +0 leather armour
   (You found it on level 1 of the Dungeon)
Jewellery
 g - a ring of fire (left hand)
   (You found it on level 1 of the Dungeon)
 t - a ring of fire (right hand)
   (You found it on level 1 of the Dungeon)
Scrolls
 h - a scroll of magic mapping {unknown}
 l - a scroll of fear {unknown}
 m - a scroll of immolation {unknown}
 s - 4 scrolls of enchant armour {unknown}
Potions
 c - a potion of curing
 n - 2 potions of cancellation {unknown}
Books
 p - a book of Flames

   Spells                             Type                      Level
   a - Flame Tongue                   Conjuration/Fire             1
   b - Throw Flame                    Conjuration/Fire             2
   c - Conjure Flame                  Conjuration/Fire             3
   d - Inner Flame                    Hexes/Fire                   3
   e - Sticky Flame                   Conjuration/Fire             4
   f - Fireball                       Conjuration/Fire             5
 v - the Disquisition on the Escort

   Spells                             Type                      Level
   a - Summon Small Mammal            Summoning                    1
   b - Recall                         Summoning/Translocation      3
Comestibles
 f - 3 bread rations
 k - a royal jelly


   Skills:
 - Level 2.0 Fighting
 - Level 1.7 Long Blades
   Level 1.0 Staves
 - Level 1.2 Dodging
 + Level 2.1 Spellcasting
 + Level 2.1 Conjurations
   Level 1.1 Translocations
 - Level 3.0 Fire Magic
   Level 2.0 Evocations


You had 3 spell levels left.
You knew the following spells:

 Your Spells              Type           Power        Failure   Level  Hunger
f - Throw Flame           Conj/Fire      ###...       12%         2    ###....
z - Flame Tongue          Conj/Fire      ###..        10%         1    #......


Dungeon Overview and Level Annotations

Branches:
Dungeon (3/15)

Altars:
Yredelemnul


Message History

There is an open door here.
Casting: Flame Tongue
Confirm with . or Enter, or press ? or * to list all spells.
Aiming: Throw Flame
Press: ? - help, Shift-Dir - straight line, f - gnoll
Aim: a gnoll (resting)
You feel a strong surge of power!
The puff of flame hits the gnoll.
The gnoll is heavily wounded.
The gnoll shouts!
A gnoll comes into view. It is wielding a whip.
The gnoll shouts!
Casting: Throw Flame
Confirm with . or Enter, or press ? or * to list all spells.
You can't see any susceptible monsters within range! (Use Z to cast anyway.)
Casting: Throw Flame
Confirm with . or Enter, or press ? or * to list all spells.
Aiming: Flame Tongue
Press: ? - help, Shift-Dir - straight line, f/p - gnoll
Aim: a gnoll (heavily wounded)
You feel a strong surge of power!
The flame tongue hits the gnoll.
The gnoll is severely wounded.
Casting: Flame Tongue
Confirm with . or Enter, or press ? or * to list all spells.
Aiming: Flame Tongue
Press: ? - help, Shift-Dir - straight line, f - gnoll, p - gnoll
Aim: a gnoll, wielding a club You feel a strong surge of power!
You miscast Flame Tongue.
You are very lightly contaminated with residual magic.
Nothing appears to happen.
Casting: Flame Tongue
Confirm with . or Enter, or press ? or * to list all spells.
Aiming: Flame Tongue
Press: ? - help, Shift-Dir - straight line, f - gnoll, p - gnoll
Aim: a gnoll (severely wounded)
You feel a strong surge of power!
The flame tongue hits the gnoll.
The gnoll is moderately wounded.
Casting: Flame Tongue
Confirm with . or Enter, or press ? or * to list all spells.
Aiming: Flame Tongue
Press: ? - help, Shift-Dir - straight line, f - gnoll, p - gnoll
Aim: a gnoll, wielding a whip Out of range.
Okay, then.
You hit the gnoll but do no damage.
The gnoll is moderately wounded.
The gnoll closely misses you.
You slash the gnoll!
The gnoll is almost dead.
The gnoll hits you with a club!
Unknown command.
You hit the gnoll but do no damage.
The gnoll is almost dead.
The gnoll barely misses you.
You riposte.
You closely miss the gnoll.
The gnoll is almost dead.
You slash the gnoll!
You kill the gnoll!
Your Conjurations skill increases to level 2!
Casting: Flame Tongue
Confirm with . or Enter, or press ? or * to list all spells.
Aiming: Flame Tongue
Press: ? - help, Shift-Dir - straight line, f/p - gnoll
Aim: a gnoll (severely wounded)
You feel a strong surge of power!
The flame tongue hits the gnoll.
The gnoll is severely wounded.
The gnoll misses you.
You riposte.
You hit the gnoll but do no damage.
The gnoll is severely wounded.
Casting: Flame Tongue
Confirm with . or Enter, or press ? or * to list all spells.
Aiming: Flame Tongue
Press: ? - help, Shift-Dir - straight line, f/p - gnoll
Aim: a gnoll (severely wounded)
You feel a strong surge of power!
The flame tongue hits the gnoll.
The gnoll is almost dead.
The gnoll hits you with a whip.
* * * LOW HITPOINT WARNING * * *
Unknown command.
You hit the gnoll but do no damage.
The gnoll is almost dead.
The gnoll barely misses you.
You riposte.
You hit the gnoll but do no damage.
The gnoll is almost dead.
The gnoll misses you.
You closely miss the gnoll.
The gnoll is almost dead.
The gnoll barely misses you.
You hit the gnoll.
You kill the gnoll!
Your Spellcasting skill increases to level 2!
You hit the gnoll.
The gnoll is almost dead.
The gnoll hits you.
* * * LOW HITPOINT WARNING * * *
Unknown command.
You barely miss the gnoll.
The gnoll is almost dead.
The gnoll closely misses you. x2
You closely miss the gnoll.
The gnoll is almost dead.
The gnoll hits you!
You die...

#.. #.. .###
.####.. ...#
....... #..#
....... #..##
....... #...#
.......##...##
.......g@.>..+
.......##.####
....... #.#
....... #.#
....... #.#
....... #<#
....... ###
###....


You could see a gnoll.

Vanquished Creatures
  2 gnolls (D:3)
  A worm (D:2)
  2 dart slugs (D:1)
  A leopard gecko (D:1)
  2 bats (D:2)
  6 goblins (D:1)
  5 hobgoblins
  4 kobolds
  6 rats
29 creatures vanquished.

Notes
Turn   | Place    | Note
-------+----------+-------------------------------------------
     0 | D:1      | tidbits the High Elf Wanderer began the quest for the Orb.
     0 | D:1      | tidbits set off with: a book of Flames, the Disquisition on the Escort, a potion of curing, a +0 robe, a +0 club, a bread ration
     0 | D:1      | Reached XP level 1. HP: 14/14 MP: 3/3
     0 | D:1      | Identified the Disquisition on the Escort
    15 | D:1      | Learned a level 1 spell: Flame Tongue
   111 | D:2      | Reached skill level 1 in Conjurations
   183 | D:2      | Reached skill level 1 in Long Blades
   188 | D:2      | Reached XP level 2. HP: 7/19 MP: 0/4
   338 | D:1      | Learned a level 2 spell: Throw Flame
   462 | D:1      | Reached skill level 1 in Dodging
   564 | D:1      | Reached XP level 3. HP: 14/24 MP: 0/5
   698 | D:2      | Found a basalt altar of Yredelemnul.
   770 | D:3      | Reached skill level 2 in Conjurations
   775 | D:3      | Reached skill level 2 in Spellcasting
   778 | D:3      | Slain by a gnoll

Skill      XL: |  1  2  3 |
---------------+----------+-----
Conjurations   | 1 2 |  2.1
Long Blades    | 1 |  1.7
Dodging        | 1 |  1.2
Spellcasting   | 2 |  2.1
Fighting       | |  2.0
Staves         | |  1.0
Translocations | |  1.1
Fire Magic     | |  3.0
Evocations     | |  2.0

Action                   || total
-------------------------++-------
Melee: Long sword        ||    30
       Dagger            ||     2
 Cast: Flame Tongue      ||    39
       Throw Flame       ||     3
  Eat: Chunk             ||     1
Armor: Robe              ||     3
Dodge: Dodged            ||    31
       Rpst.: Long sword ||     7

Table legend:
 A = Turns spent in this place as a percentage of turns spent in the entire game.
 B = Non-inter-level travel turns spent in this place as a percentage of non-inter-level travel turns spent in the entire game.
 C = Inter-level travel turns spent in this place as a percentage of turns spent in this place.
 D = Turns resting spent in this place as a percentage of non-inter-level travel turns spent in this place.
 E = Turns spent auto-exploring this place as a percentage of non-inter-level travel turns spent in this place.
 F = Non-inter-level travel turns spent in this place divided by the number of levels of this place that you've seen.
                   A       B       C       D       E      F
               +-------+-------+-------+-------+-------+----------------------
         Total | 100.0 | 100.0 |   0.0 |   0.0 |   0.0 | 259.0
       Dungeon | 100.0 | 100.0 |   0.0 |   0.0 |   0.0 | 259.0
               +-------+-------+-------+-------+-------+----------------------

Table legend:
 A = Kills in this place as a percentage of kills in entire the game.
 B = Kills by you in this place as a percentage of kills by you in the entire game.
 C = Kills by friends in this place as a percentage of kills by friends in the entire game.
 D = Other kills in this place as a percentage of other kills in the entire game.
 E = Experience gained in this place as a percentage of experience gained in the entire game.
 F = Experience gained in this place divided by the number of levels of this place that you have seen.
                   A       B       C       D       E      F
               +-------+-------+-------+-------+-------+----------------------
         Total | 100.0 | 100.0 |  -nan |  -nan | 100.0 |  27.0
       Dungeon | 100.0 | 100.0 |  -nan |  -nan | 100.0 |  27.0
               +-------+-------+-------+-------+-------+----------------------

Vault maps used:
D:1:      dpeg_arrival_morbid_curiosity
D:2:      lemuel_round_altar, lemuel_doored_altar
D:3:      zin_academy
